 Dungeon Crawl Stone Soup version 0.25.1-4-g9407a263a5 (webtiles) character file.

Game seed: 14408549945964281267

119 H0rd4k the Charlatan (level 5, -2/37 HPs)
             Began as a Human Artificer on Nov 25, 2020.
             Slain by a river rat (7 damage)
             ... in a sewer.
             The game lasted 00:04:02 (2981 turns).

H0rd4k the Charlatan (Human Artificer)              Turns: 2981, Time: 00:04:02

Health: -2/37      AC:  3    Str: 13    XL:     5   Next: 24%
Magic:  7/7        EV: 12    Int: 12    God:
Gold:   84         SH:  0    Dex: 13    Spells: 4/4 levels left

rFire    . . .     SeeInvis .   m - +1 dagger (freeze)
rCold    . . .     Gourm    .   (no shield)
rNeg     . . .     Faith    .   b - +0 leather armour
rPois    .         Spirit   .   (no helmet)
rElec    .         Reflect  .   (no cloak)
rCorr    .         Harm     .   (no gloves)
MR       .....                  (no boots)
Stlth    ++........             (no amulet)
HPRegen  0.12/turn              (no ring)
MPRegen  0.10/turn              (no ring)

@: no status effects
A: no striking features
a: no special abilities


You were in a sewer.
You were not hungry.

You visited 1 branch of the dungeon, and saw 3 of its levels.
You also visited: Sewer.

You collected 84 gold pieces.

Inventory:

Hand Weapons
 a - a +0 short sword
 m - a +1 dagger of freezing (weapon)
 n - a +0 hunting sling of freezing
Missiles
 o - 32 stones (quivered)
Armour
 b - a +0 leather armour (worn)
Wands
 c - a wand of flame (12)
 d - a wand of enslavement (14)
 e - a wand of random effects (15)
Scrolls
 g - 2 scrolls of amnesia {unknown}
 i - 3 scrolls of identify {unknown}
 j - 3 scrolls of teleportation {unknown}
 q - a scroll of magic mapping {unknown}
 s - 2 scrolls of fog {unknown}
Potions
 k - 2 potions of flight {unknown}
 l - a potion of invisibility {unknown}
 r - 2 potions of curing {unknown}
Comestibles
 f - 5 rations
 p - 2 chunks of flesh


   Skills:
 + Level 1.6 Fighting
 + Level 2.1 Short Blades
 + Level 2.3 Armour
 + Level 2.5 Dodging
 + Level 1.4 Stealth
 + Level 3.6 Evocations


You had 4 spell levels left.
You didn't know any spells.
Your spell library contained the following spells:

 Spells                   Type           Power        Failure   Level  Hunger
 Apportation              Tloc           #.....       38%         1    ##.....


Dungeon Overview and Level Annotations

Branches:
Dungeon (3/15)              Sewer (1/1)

Altars:
Kikubaaqudgha
Sif Muna
Vehumet


Message History

The river rat bites you. The river rat barely misses you.
You completely miss the river rat.
The river rat is heavily wounded.
The river rat barely misses you. x2
You hit the river rat but do no damage.
The river rat is heavily wounded.
The river rat bites you.
The river rat bites you but does no damage.
You hit the river rat but do no damage.
The river rat is heavily wounded.
The river rat barely misses you. x2
You barely miss the river rat.
The river rat is heavily wounded.
The river rat bites you!
* * * LOW HITPOINT WARNING * * *
The river rat closely misses you.
You hit the river rat but do no damage.
The river rat is heavily wounded.
The river rat misses you. The river rat bites you!
You die...

#.#
#.#
#.#
#.#
#.#
#∩#
#r#
#r#
#@#
#r#
#r#
#.#
###


You could see 2 river rats and 2 rats.

Vanquished Creatures
  A gnoll (D:3)
  6 adders
  An ooze (D:2)
  3 worms
  2 leopard geckos
  4 bats
  2 giant cockroaches
  7 hobgoblins
  2 quokkas (D:2)
  3 frilled lizards
  A goblin (D:2)
  4 kobolds
  4 rats
40 creatures vanquished.

Vanquished Creatures (collateral kills)
  A gnoll (D:3)
1 creature vanquished.

Grand Total: 41 creatures vanquished

Notes
Turn   | Place    | Note
-------+----------+-------------------------------------------
     0 | D:1      | H0rd4k the Human Artificer began the quest for the Orb.
     0 | D:1      | Reached XP level 1. HP: 15/15 MP: 3/3
   590 | D:1      | Reached XP level 2. HP: 9/21 MP: 4/4
  1287 | D:2      | Reached XP level 3. HP: 12/26 MP: 5/5
  1619 | D:2      | Reached skill level 1 in Armour
  2448 | D:2      | Found an ancient bone altar of Kikubaaqudgha.
  2497 | D:2      | Found a shimmering blue altar of Sif Muna.
  2499 | D:2      | Found a radiant altar of Vehumet.
  2503 | D:2      | Identified Sif Muna's Catalogue of Dislocation
  2593 | D:2      | Reached XP level 4. HP: 32/32 MP: 6/6
  2872 | D:3      | Reached XP level 5. HP: 18/37 MP: 7/7
  2933 | D:3      | Found a glowing drain.
  2956 | Sewer    | Entered a sewer
  2964 | Sewer    | HP: 1/37 [river rat (7)]
  2981 | Sewer    | Slain by a river rat

Illustrated notes

Levels and vault maps discovered:
D:1:      lightli_arrival_farm, layout_basic, serial_curves, eino_curves_02,
          eino_curves_02
D:2:      minmay_chambers_of_ones, layout_rooms,
          grunt_temple_overflow_magic_moments, first_ration,
          minmay_misc_feat_plants
D:3:      layout_loops_ring, lightli_sewer_entry_pipes
Sewer:    sewer_kobolds

Skill      XL: |  1  2  3  4  5 |
---------------+----------------+-----
Armour         | 1 2 |  2.3
Short Blades   | 2 |  2.1
Fighting       | |  1.6
Dodging        | |  2.5
Stealth        | |  1.4
Evocations     | |  3.6

Action                   |  1- 3 |  4- 6 || total
-------------------------+-------+-------++-------
Melee: Short sword       |    23 |       ||    23
       Dagger            |   124 |    60 ||   184
Evoke: Wand              |       |     4 ||     4
  Use: Potion            |       |     2 ||     2
  Eat: Chunk             |     5 |     2 ||     7
Armor: Leather armour    |    33 |    13 ||    46
Dodge: Dodged            |    95 |    43 ||   138
